Map: Dusk Towers

Players

Torrr

  • Race: Protoss Protoss
  • League: Platinum

LilDicky - Winner!

  • Race: Terran Terran
  • League: Diamond

VOD

http://www.twitch.tv/tumescentpie

Description

Time

  • Played on: Dec. 20, 2015, 9:39 a.m.
  • Length: 6:27
Show
View Real Time Build Order
Export as new Build Order

Torrr Protoss 

Build Orders:  

Get SALT Encoding   

  12  0:01  Probe (Chrono Boost)  
  13  0:12  Probe (Chrono Boost)  
  14  0:19  Pylon  
  14  0:22  Probe (Chrono Boost)  
  15  0:37  Probe (Chrono Boost)  
  15  0:39  Gateway  
  16  0:48  Probe (Chrono Boost)  
  17  0:58  Probe (Chrono Boost), Assimilator  
  18  1:04  Assimilator  
  18  1:09  Probe (Chrono Boost)  
  19  1:20  Probe (Chrono Boost)  
  20  1:32  Cybernetics Core, Probe (Chrono Boost)  
  21  1:39  Assimilator  
  21  1:44  Probe (Chrono Boost)  
  22  1:54  Probe (Chrono Boost)  
  23  2:05  Nexus  
  22  2:12  Warp Gate  
  22  2:16  Pylon  
  22  2:22  Gateway  
  22  2:30  Pylon  
  22  2:35  Mothership Core (Chrono Boost)  
  24  2:47  Pylon  
  24  2:48  Stalker (Chrono Boost)  
  26  2:56  Probe  
  27  3:04  Robotics Facility  
  29  3:13  Probe  
  29  3:14  Stalker (Chrono Boost)  
  30  3:27  Sentry (Chrono Boost)  
  31  3:29  Probe  
  31  3:32  Pylon  
  31  3:34  Probe  
  35  3:43  Stalker (Chrono Boost)  
  35  3:45  Probe  
  35  3:47  Probe  
  36  3:49  Pylon  
  36  3:52  Observer (Chrono Boost)  
  38  4:00  Probe  
  39  4:04  Probe  
  38  4:21  Observer (Chrono Boost)  
  39  4:33  Probe  
  39  4:34  Probe  
  26  4:54  Probe  
  26  4:55  Probe  
  28  5:01  Observer (Chrono Boost)  
  28  5:05  Forge  
  29  5:09  Forge  
  29  5:12  Zealot  
  29  5:13  Zealot  
  33  5:15  Probe  
  33  5:18  Probe, Assimilator  
  35  5:22  Assimilator  
  35  5:45  Probe x2  
  37  5:53  Nexus  
  37  5:56  Pylon  
  37  6:08  Probe  
Show
View Real Time Build Order
Export as new Build Order

LilDicky Terran - Winner!

Build Orders: MMM Bio 

Get SALT Encoding   

  12  0:02  SCV  
  13  0:15  SCV  
  13  0:19  Supply Depot  
  14  0:27  SCV  
  15  0:31  Refinery  
  15  0:41  SCV  
  16  0:47  Barracks  
  16  0:55  SCV  
  17  1:08  SCV  
  18  1:20  SCV  
  20  1:34  Marine  
  20  1:37  Supply Depot  
  20  1:38  Orbital Command  
  20  1:42  Factory  
  20  1:52  Marine  
  21  2:10  SCV  
  22  2:16  Barracks  
  22  2:17  Barracks Reactor  
  22  2:21  Barracks  
  22  2:22  SCV  
  23  2:34  SCV  
  24  2:41  Supply Depot  
  24  2:46  SCV  
  24  2:49  Widow Mine  
  27  2:55  Marine x2  
  27  2:58  SCV  
  30  3:10  SCV  
  30  3:11  Refinery  
  31  3:13  Barracks Tech Lab x2, Marine  
  34  3:26  Marine  
  33  3:27  SCV  
  33  3:30  Marine  
  35  3:34  Supply Depot  
  35  3:35  Combat Shields, Stimpack  
  35  3:37  Marine  
  35  3:39  Marine  
  38  3:48  Marine  
  39  3:52  SCV  
  39  3:55  Widow Mine  
  39  3:56  Supply Depot, Marine  
  39  3:58  Marauder  
  39  4:00  Marauder  
  45  4:18  Marine x2  
  45  4:19  Marauder  
  45  4:20  SCV  
  45  4:21  Marauder  
  52  4:27  Starport  
  52  4:30  Supply Depot  
  52  4:39  Marine x2  
  52  4:51  Marauder x2  
  52  4:52  SCV  
  57  4:57  Supply Depot, Marine  
  56  5:03  Medivac  
  56  5:04  SCV  
  59  5:08  Supply Depot  
  59  5:16  SCV  
  59  5:19  Marauder x2  
  59  5:20  Marine  
  65  5:28  SCV  
  65  5:33  Medivac  
  68  5:40  SCV  
  69  5:43  Marauder x2, Marine  
  69  5:44  Concussive Shells  
  69  5:47  Marine  
  75  5:53  SCV  
  76  6:01  Marine  
  77  6:05  Marauder  
Tags
 
Add a new tag
Caveats
  • Supply blocks, unpowered buildings, or Contaminate may cause inaccurate times.
  • Supply counts are checked every 10 seconds.